 Dungeon Crawl Stone Soup version 0.18.1-47-g9310371 (webtiles) character file.

102 rftp080 the Ruffian (level 4, -3/34 (37) HPs)
             Began as a Ghoul Wizard on June 20, 2016.
             Slain by Natasha (9 damage)
             ... on level 2 of the Dungeon.
             The game lasted 00:04:23 (1817 turns).

rftp080 the Ruffian (Ghoul Wizard)                  Turns: 1817, Time: 00:04:24

HP:   -3/34 (37)    AC:  5    Str:  9 (10) XL:     4   Next: 77%
MP:   7/7           EV: 11    Int: 13 (14) God:
Gold: 42            SH:  0    Dex:  7      Spells: 3 memorised, 3 levels left

rFire  . . .     SeeInvis .       - Unarmed
rCold  + . .     Gourm    .     k - +0 leather armour
rNeg   + + +     Faith    .     (no shield)
rPois  ∞         Spirit   .     b - +0 hat
rElec  .         Dismiss  .     (no cloak)
rCorr  .         Reflect  .     (no gloves)
SustAt .         Harm     .     n - +1 pair of boots
MR     .....                    (no amulet)
Stlth  +.........               (no ring)
                                (no ring)

@: rotting, repel missiles, not resistant to hostile enchantments, very
unstealthy
A: rotting body, claws 1, carnivore 3, cold resistance 1, negative energy
resistance 3, slow regeneration 1, torment resistance, unbreathing
a: no special abilities


You were on level 2 of the Dungeon.
You were not hungry.

You visited 1 branch of the dungeon, and saw 2 of its levels.

You collected 42 gold pieces.

Inventory:

Hand Weapons
 h - a +0 hunting sling
Missiles
 p - 59 stones (quivered)
 t - 7 curare-tipped needles
Armour
 a - a +0 robe
 b - a +0 hat (worn)
 k - a +0 leather armour (worn)
 n - a +1 pair of boots (worn)
Scrolls
 e - 3 scrolls of identify
 f - 3 scrolls of remove curse {unknown}
 j - a scroll of recharging {unknown}
 l - a scroll of fear {unknown}
 q - a scroll of immolation {unknown}
 s - 3 scrolls of blinking {unknown}
Books
 c - a book of Minor Magic

   Spells                             Type                      Level
   a - Magic Dart                     Conjuration                  1
   b - Blink                          Translocation                2
   c - Call Imp                       Summoning                    2
   d - Repel Missiles                 Charms/Air                   2
   e - Slow                           Hexes                        2
   f - Conjure Flame                  Conjuration/Fire             3
   g - Mephitic Cloud                 Conjuration/Poison/Air       3
Comestibles
 d - 3 meat rations
 g - a beef jerky


   Skills:
 + Level 2.4 Fighting
 - Level 1.7 Dodging
 - Level 2.1 Stealth
 * Level 3.7 Unarmed Combat
 - Level 2.6 Spellcasting
 - Level 0.7 Conjurations
   Level 0.8 Summonings
 - Level 0.8 Translocations


You had 3 spell levels left.
You knew the following spells:

 Your Spells              Type           Power        Failure   Level  Hunger
a - Magic Dart            Conj           #...         30%         1    #......
b - Blink                 Tloc           N/A          34%         2    ###....
c - Repel Missiles        Chrm/Air       #.....       56%         2    ###....


Dungeon Overview and Level Annotations

Branches:
Dungeon (2/15)

Altars:

Annotations:
D:2 Natasha


Innate Abilities, Weirdness & Mutations

Your body is rotting away.
You thrive on raw meat.
You are immune to poison.
You have sharp fingernails.
You are carnivorous and can eat meat at any time.
Your flesh is cold resistant.
You are immune to negative energy.
You regenerate slowly when monsters are visible.
You are immune to unholy pain and torment.
You can survive without breathing.


Message History

* * * LOW HITPOINT WARNING * * *
You are too injured to fight recklessly!
You are too injured to fight recklessly!
Drink which item? (? for menu, Esc to quit)
It was a potion of berserk rage.
You cannot raise a blood rage in your lifeless body.
Natasha misses you.
Drink which item? (? for menu, Esc to quit)
It was a potion of magic.
Magic courses through your body. Natasha closely misses you.
Drink which item? (? for menu, Esc to quit)
It was a potion of mutation.
You feel extremely strange.
Your body decomposes!
You feel weakened.
Your body decomposes!
You feel dopey.
Your body decomposes!
* * * LOW HITPOINT WARNING * * *
Natasha claws you!
You die...

#......# #......# ##.#.###
########## #.#.#
.######........####.#.###########
........................)....>...
######.######.#.....†#<.........
#.# #.#)#..#############
.######.######.#@#.............##
...............#h#.########....##
#####.#.#.#.#..#.#.....#.........
#.#...#......#.....#.......##
..######...###.....#......###
............# #..............)
...#######.#.# #.....#......###
... #...# #.....#......# #...#
#.....#......#


You could see Natasha.

Vanquished Creatures
  Natasha (twice) (D:2)
  An ooze (D:2)
  A worm (D:2)
  A dart slug (D:2)
  A giant gecko (D:2)
  A ball python (D:1)
  4 bats
  2 giant cockroaches (D:1)
  7 goblins
  5 hobgoblins
  6 jackals
  3 giant newts
  6 rats
40 creatures vanquished.

Notes
Turn   | Place    | Note
--------------------------------------------------------------
     0 | D:1      | rftp080 the Ghoul Wizard began the quest for the Orb.
     0 | D:1      | Reached XP level 1. HP: 14/14 MP: 3/3
   173 | D:1      | Reached skill level 1 in Unarmed Combat
   321 | D:1      | Reached XP level 2. HP: 1/22 MP: 0/4
   347 | D:1      | Learned a level 2 spell: Blink
   350 | D:1      | Learned a level 2 spell: Repel Missiles
   399 | D:1      | Reached skill level 1 in Fighting
  1327 | D:2      | Reached XP level 3. HP: 29/29 MP: 6/6
  1365 | D:2      | Reached skill level 2 in Unarmed Combat
  1567 | D:2      | Noticed Natasha
  1575 | D:2      | Killed Natasha
  1575 | D:2      | Reached skill level 3 in Unarmed Combat
  1575 | D:2      | Reached XP level 4. HP: 33/36 MP: 7/7
  1688 | D:2      | Noticed Natasha
  1696 | D:2      | Killed Natasha
  1800 | D:2      | Noticed Natasha
  1817 | D:2      | Slain by Natasha

Skill      XL: |  1  2  3 |
---------------+----------+-----
Unarmed Combat | 1 3 |  3.7
Fighting       | 1 2 |  2.4
Dodging        | |  1.7
Stealth        | |  2.1
Spellcasting   | |  2.6
Conjurations   | |  0.7
Summonings     | |  0.8
Translocations | |  0.8

Action                   |  1- 3 |  4- 6 || total
-------------------------+-------+-------++-------
Melee: Unarmed           |   122 |    55 ||   177
 Cast: Magic Dart        |    14 |       ||    14
       Repel Missiles    |     1 |       ||     1
  Use: Scroll            |     1 |       ||     1
       Potion            |       |     3 ||     3
 Stab: Sleeping          |     3 |       ||     3
  Eat: Chunk             |    19 |     3 ||    22
Armor: Robe              |    15 |       ||    15
       Leather armour    |     8 |    12 ||    20
Dodge: Dodged            |    69 |    27 ||    96
       Deflected         |     1 |       ||     1
